 Dungeon Crawl Stone Soup version 0.23.2-33-g5129a83184 (webtiles) character file.

Game seed: 3488828280820576922

401 H0rd4k the Charlatan (level 7, -2/51 HPs)
             Began as a Human Artificer on Aug 2, 2019.
             Was an Initiate of Gozag.
             Slain by a sky beast (6 damage)
             ... on level 5 of the Dungeon.
             The game lasted 00:09:00 (4610 turns).

H0rd4k the Charlatan (Human Artificer)              Turns: 4610, Time: 00:09:02

Health: -2/51      AC:  4    Str: 14    XL:     7   Next: 11%
Magic:  10/10      EV: 13    Int: 16    God:    Gozag
Gold:   111        SH:  2    Dex: 17    Spells: 6/6 levels left

rFire    . . .     SeeInvis .   a - +0 short sword
rCold    . . .     Gourm    .   (no shield)
rNeg     . . .     Faith    .   b - +0 leather armour
rPois    .         Spirit   .   w - +0 helmet
rElec    .         Reflect  +   (no cloak)
rCorr    .         Harm     .   (no gloves)
MR       +....                  (no boots)
Stlth    ++........             i - +2 amulet of reflection
HPRegen  0.17/turn              m - ring of protection from magic
MPRegen  0.12/turn              t - +3 ring of dexterity

@: brilliant, starving
A: no striking features
a: Potion Petition, Call Merchant, Bribe Branch, Renounce Religion


You were on level 5 of the Dungeon.
You worshipped Gozag.
Gozag was aware of your devotion.
You were starving.

You visited 2 branches of the dungeon, and saw 6 of its levels.

You collected 173 gold pieces.
You paid 62 gold pieces to Gozag.

Inventory:

Hand Weapons
 a - a +0 short sword (weapon)
Missiles
 x - 8 javelins (quivered)
Armour
 b - a +0 leather armour (worn)
 w - a +0 helmet (worn)
Jewellery
 c - an uncursed ring of flight
 i - a +2 amulet of reflection (around neck)
 m - a ring of protection from magic (left hand)
 t - a +3 ring of dexterity (right hand)
Wands
 d - a wand of enslavement (14)
 e - a wand of random effects (6)
 p - a wand of polymorph (9)
Scrolls
 j - a scroll of remove curse {unknown}
 o - 3 scrolls of teleportation
 q - a scroll of amnesia {unknown}
 r - a scroll of blinking {unknown}
Potions
 g - a potion of heal wounds {unknown}
 h - a potion of agility
 k - a potion of might
 l - 2 potions of curing {unknown}
 n - a potion of brilliance
 s - 2 potions of berserk rage
 u - a potion of invisibility {unknown}
 v - a potion of cancellation {unknown}
 z - a potion of flight {unknown}
Comestibles
 f - 5 rations


   Skills:
 + Level 2.5 Fighting
 + Level 3.2 Short Blades
 + Level 3.0 Armour
 + Level 3.2 Dodging
 + Level 2.4 Stealth
 + Level 4.0 Evocations


You had 6 spell levels left.
You didn't know any spells.
Your spell library was empty.

Dungeon Overview and Level Annotations

Branches:
Dungeon (5/15)             Temple (1/1) D:4

Altars:
Ashenzari
Dithmenos
Elyvilon
Fedhas
Gozag
Hepliaklqana
Makhleb
Nemelex Xobeh
Qazlal
Ru
Uskayaw
Vehumet
Wu Jian
Yredelemnul
Zin
The Shining One

Annotations:
D:1 exclusion: downstairs
D:2 exclusion: downstairs
D:3 exclusions: 2 downstairs and phantom
D:4 3 runed translucent doors, DorianNounverber's ghost, amateur GrEE; Edmund; Eustachio; FlyingSalmon's ghost, novice MfGl; Robin; coldbreeze's ghost, amateur NaGl; grerr's ghost, amateur OpVM


Message History

The sky beast is almost dead.
You feel a little less mighty now.
The sky beast flickers out of sight!
Deactivating autopickup; reactivate with Ctrl-A.
Something hits you but does no damage.
You barely miss something. Something hits you. Something shocks you.
You hit something but do no damage. Something hits you. Something shocks you.
* * * LOW HITPOINT WARNING * * *
You miss something. Something hits you but does no damage.
You barely miss something. Something hits you.
* * * LOW HITPOINT WARNING * * *
Something shocks you.
* * * LOW HITPOINT WARNING * * *
It was a potion of brilliance.
You feel clever all of a sudden. Something hits you.
* * * LOW HITPOINT WARNING * * *
Something shocks you.
You die...
Your body crumbles into a pile of gold.

#.#.....##........###
.................%...
#..........<......#
###..............#..#
#....................
#........$...........
#...#####$#.....##..#
###.#####$#..##!# .#
.......@{h........ .
###.#####.......##.
#.#..##.# ..........
.........% ##.#####.#
#.# .. #.#


You could see a jackal.

Vanquished Creatures
  2 hounds
  An iguana (D:5)
  Jessica (D:2)
  Natasha (thrice) (D:2)
  A howler monkey skeleton (D:5)
  10 adders
  2 oozes
  5 dart slugs
  2 leopard geckos (D:3)
  4 orcs
  8 bats
  5 giant cockroaches
  15 goblins
  9 hobgoblins
  7 jackals
  3 frilled lizards
  A jackal skeleton (D:4)
  10 kobolds
  A leopard gecko skeleton (D:4)
  4 rats
94 creatures vanquished.

Notes
Turn   | Place    | Note
-------+----------+-------------------------------------------
     0 | D:1      | H0rd4k the Human Artificer began the quest for the Orb.
     0 | D:1      | Reached XP level 1. HP: 15/15 MP: 3/3
    59 | D:1      | Reached XP level 2. HP: 15/21 MP: 4/4
   205 | D:1      | Reached XP level 3. HP: 9/26 MP: 5/5
   844 | D:2      | Noticed Jessica
   861 | D:2      | Killed Jessica
   861 | D:2      | Reached skill level 1 in Armour
   861 | D:2      | Reached XP level 4. HP: 16/32 MP: 6/6
  1265 | D:2      | Noticed Natasha
  1833 | D:2      | Reached XP level 5. HP: 33/37 MP: 7/7
  1893 | D:2      | Found a sparkling altar of Nemelex Xobeh.
  1912 | D:2      | Killed Natasha
  2411 | D:2      | Noticed Natasha
  2417 | D:2      | Killed Natasha
  2417 | D:2      | Reached XP level 6. HP: 35/44 MP: 8/8
  2567 | D:3      | Found a white marble altar of Elyvilon.
  3132 | D:2      | Noticed Natasha
  3139 | D:2      | Killed Natasha
  3315 | D:4      | Identified the -2 helmet of the Cuttlefish {rElec MP+9
                  | Str+4}
  3315 | D:4      | Noticed Robin
  3398 | D:4      | Noticed a phantom
  3497 | D:4      | Noticed Eustachio
  3537 | D:4      | Noticed a phantom
  3612 | D:4      | Found a shattered altar of Ashenzari.
  3889 | D:4      | Found a staircase to the Ecumenical Temple.
  3910 | Temple   | Entered the Ecumenical Temple
  4105 | Temple   | Became a worshipper of Gozag Ym Sagoz the Greedy
  4482 | D:4      | Found a runed translucent gate.
  4483 | D:4      | Found a runed translucent gate.
  4483 | D:4      | Found a runed translucent gate.
  4484 | D:4      | Noticed coldbreeze's ghost (amateur NaGl)
  4485 | D:4      | Noticed grerr's ghost (amateur OpVM)
  4485 | D:4      | Noticed DorianNounverber's ghost (amateur GrEE)
  4485 | D:4      | Noticed FlyingSalmon's ghost (novice MfGl)
  4535 | D:4      | Noticed Edmund
  4557 | D:5      | Entered Level 5 of the Dungeon
  4571 | D:5      | Reached skill level 4 in Evocations
  4575 | D:5      | Reached XP level 7. HP: 42/51 MP: 8/10
  4610 | D:5      | Slain by a sky beast

Skill      XL: |  1  2  3  4  5  6  7 |
---------------+----------------------+-----
Armour         | 1 2 3 |  3.0
Short Blades   | 2 3 |  3.2
Fighting       | 2 |  2.5
Dodging        | 3 |  3.2
Stealth        | 2 |  2.4
Evocations     | 4 |  4.0

Action                   |  1- 3 |  4- 6 |  7- 9 || total
-------------------------+-------+-------+-------++-------
Melee: Short sword       |    72 |   300 |    25 ||   397
Evoke: Wand              |     1 |    24 |       ||    25
  Use: Scroll            |       |     4 |       ||     4
       Potion            |       |     1 |     1 ||     2
 Stab: Sleeping          |     1 |     3 |       ||     4
       Paralysed         |       |     2 |       ||     2
       Distracted        |       |     1 |       ||     1
  Eat: Chunk             |       |    10 |       ||    10
Armor: Leather armour    |    30 |    76 |     5 ||   111
Dodge: Dodged            |    60 |   203 |    15 ||   278
Block: Other             |       |     6 |     1 ||     7
